Map: Lerilak Crest

Players

State

  • Race: Protoss Protoss
  • League: Grandmaster

타토스 - Winner!

  • Race: Terran Terran
  • League: Grandmaster

VOD

Have the link to the VOD?

Description

Time

  • Played on: Nov. 24, 2015, 8:46 p.m.
  • Length: 10:30
Show
View Real Time Build Order
Export as new Build Order

State Protoss 

Build Orders: 1 Gate Expand 

Get SALT Encoding   

  12  0:01  Probe (Chrono Boost)  
  13  0:12  Probe (Chrono Boost)  
  14  0:18  Pylon  
  14  0:23  Probe (Chrono Boost)  
  15  0:36  Probe (Chrono Boost)  
  15  0:37  Gateway  
  16  0:44  Assimilator  
  16  0:47  Probe (Chrono Boost)  
  17  0:57  Probe (Chrono Boost)  
  18  1:08  Probe (Chrono Boost)  
  19  1:20  Nexus  
  19  1:22  Probe (Chrono Boost)  
  20  1:32  Cybernetics Core  
  20  1:35  Probe (Chrono Boost)  
  21  1:40  Assimilator  
  21  1:45  Probe (Chrono Boost)  
  22  1:57  Probe (Chrono Boost), Pylon  
  23  2:15  Mothership Core (Chrono Boost), Adept  
  26  2:16  Warp Gate  
  26  2:32  Probe (Chrono Boost)  
  26  2:33  Probe (Chrono Boost)  
  28  2:43  Probe (Chrono Boost)  
  30  2:44  Probe (Chrono Boost)  
  30  2:50  Adept  
  32  2:53  Probe (Chrono Boost)  
  32  2:54  Probe (Chrono Boost)  
  33  3:04  Probe (Chrono Boost)  
  33  3:05  Probe (Chrono Boost)  
  35  3:09  Robotics Facility  
  35  3:14  Probe (Chrono Boost)  
  35  3:15  Probe (Chrono Boost)  
  35  3:17  Adept  
  39  3:25  Probe (Chrono Boost)  
  39  3:26  Pylon  
  41  3:27  Probe (Chrono Boost)  
  41  3:35  Probe (Chrono Boost)  
  41  3:37  Probe (Chrono Boost)  
  41  3:40  Gateway  
  43  3:41  Gateway  
  43  3:46  Probe (Chrono Boost)  
  43  3:48  Probe (Chrono Boost)  
  43  3:56  Probe (Chrono Boost)  
  43  3:57  Warp Prism  
  43  3:58  Probe (Chrono Boost)  
  47  4:04  Assimilator x2  
  47  4:07  Probe (Chrono Boost)  
  47  4:09  Probe (Chrono Boost)  
  47  4:17  Probe (Chrono Boost)  
  47  4:20  Probe (Chrono Boost)  
  49  4:26  Twilight Council  
  49  4:28  Probe (Chrono Boost)  
  49  4:31  Probe (Chrono Boost)  
  51  4:33  Pylon  
  51  4:34  Adept  
  53  4:38  Probe (Chrono Boost)  
  54  4:47  Pylon  
  54  4:56  Forge, Robotics Bay  
  54  4:58  Pylon  
  54  5:01  Adept x3  
  54  5:03  Probe x2 (Chrono Boost)  
  64  5:17  Immortal  
  65  5:24  Adept x3  
  65  5:28  Probe x2 (Chrono Boost)  
  65  5:39  Probe x2 (Chrono Boost)  
  63  5:44  Adept x3  
  63  5:49  Probe x2 (Chrono Boost)  
  62  6:00  Probe x2 (Chrono Boost)  
  64  6:08  Adept x2  
  64  6:09  Observer  
  64  6:10  Resonating Glaives (Chrono Boost), Probe (Chrono Boost)  
  69  6:14  Sentry  
  72  6:22  Probe  
  73  6:27  Observer  
  74  6:36  Probe x2  
  76  6:40  Adept  
  76  6:44  Pylon  
  76  6:46  Pylon  
  76  6:59  Immortal  
  70  7:01  Probe x2  
  70  7:04  Adept x3  
  74  7:13  Probe x2  
  72  7:16  Protoss Ground Armor Level 1  
  72  7:20  Gateway  
  62  7:24  Gateway  
  62  7:25  Probe x2  
  60  7:30  Adept x2, Dark Shrine  
  60  7:32  Adept  
  60  7:33  Warp Prism  
  60  7:38  Probe  
  63  7:53  Pylon  
  63  7:57  Sentry x3  
  69  8:07  Probe x2  
  69  8:12  Immortal  
  73  8:20  Adept  
  73  8:21  Adept x4  
  80  8:41  Adept x5  
  74  8:42  Probe x2  
  65  8:50  Pylon  
  45  9:03  Probe  
  45  9:09  Adept x3  
  49  9:14  Probe  
  50  9:38  Sentry x3  
  50  9:39  Sentry x2  
  50  9:42  Warp Prism  
  60  9:51  Probe x2  
  62  10:10  Probe x2  
Show
View Real Time Build Order
Export as new Build Order

타토스 Terran - Winner!

Build Orders: Reaper Expand, MMM Bio 

Get SALT Encoding   

  12  0:01  SCV  
  13  0:13  SCV  
  14  0:16  Supply Depot  
  14  0:25  SCV  
  15  0:38  SCV  
  15  0:40  Barracks  
  16  0:43  Refinery  
  16  0:50  SCV  
  17  1:02  SCV  
  18  1:14  SCV  
  19  1:26  Orbital Command  
  19  1:27  Reaper  
  20  1:42  Command Center  
  20  1:53  SCV  
  21  1:55  Supply Depot  
  21  1:59  Barracks Reactor  
  21  2:05  SCV  
  22  2:16  Barracks  
  22  2:17  SCV  
  22  2:21  Barracks  
  23  2:29  SCV  
  24  2:36  Marine x2  
  26  2:41  SCV  
  27  2:53  SCV, Orbital Command  
  27  2:58  Marine x2  
  30  3:05  SCV, Barracks Tech Lab  
  30  3:10  Barracks Tech Lab  
  30  3:17  SCV, Marine x2  
  34  3:20  SCV  
  34  3:25  Stimpack, Marauder  
  36  3:28  Refinery  
  36  3:29  SCV, Refinery  
  36  3:30  Marine  
  36  3:32  SCV  
  39  3:41  SCV  
  39  3:44  Supply Depot, SCV  
  41  3:49  Marine x2  
  41  3:50  Marauder  
  41  3:54  SCV  
  46  4:01  SCV  
  46  4:05  Marauder  
  46  4:06  SCV  
  46  4:08  Factory  
  49  4:11  Marine x2  
  49  4:13  Supply Depot  
  51  4:19  Marauder  
  51  4:20  SCV  
  54  4:25  Combat Shields  
  54  4:27  Supply Depot  
  54  4:32  Supply Depot  
  54  4:35  SCV  
  54  4:36  SCV  
  54  4:37  Marine x2  
  54  4:38  Marauder  
  60  4:45  Marauder  
  62  4:48  SCV  
  62  4:52  Starport, Engineering Bay  
  63  4:53  Factory Reactor  
  63  4:58  Marine  
  63  4:59  Marine  
  65  5:02  SCV x2  
  67  5:17  Marine x2  
  67  5:18  Marauder  
  67  5:19  SCV x2  
  72  5:26  Terran Infantry Weapons Level 1, Supply Depot, Concussive Shells  
  72  5:27  Supply Depot x2  
  72  5:31  SCV  
  72  5:34  Marine  
  72  5:35  Marine  
  70  5:38  SCV  
  70  5:39  Marauder  
  71  5:45  Marine  
  71  5:46  Medivac  
  71  5:48  Medivac  
  72  5:52  Marine  
  73  6:00  Marauder  
  71  6:08  Command Center  
  71  6:09  SCV x2  
  73  6:13  Marauder, Marine x2  
  77  6:20  Medivac x2  
  81  6:27  Barracks  
  81  6:29  Barracks  
  81  6:32  Marine x2  
  79  6:33  Marauder  
  81  6:43  Missile Turret  
  81  6:46  Marine  
  82  6:50  Marine  
  80  6:55  Marauder  
  80  6:59  Marine  
  75  7:04  Marine  
  75  7:08  Marine  
  72  7:16  Marauder  
  72  7:17  Marine  
  72  7:22  Marauder  
  77  7:23  SCV, Terran Infantry Armor Level 1  
  77  7:25  Barracks Reactor, Barracks Tech Lab  
  77  7:26  Marine  
  79  7:35  Marine  
  78  7:37  Marauder  
  78  7:40  Medivac x2  
  78  7:43  SCV, Marine  
  78  7:44  Marine  
  86  7:47  SCV  
  88  7:54  Missile Turret  
  88  7:55  SCV  
  89  7:59  Marine x2, Marauder  
  89  8:05  SCV  
  94  8:08  SCV  
  94  8:11  Orbital Command  
  95  8:12  Supply Depot  
  95  8:13  Liberator  
  95  8:15  Marine  
  95  8:16  Marauder  
  95  8:17  SCV  
  99  8:21  Marine  
  99  8:22  Missile Turret  
  99  8:25  Marine x2  
  101  8:33  Liberator  
  103  8:39  Marine x2  
  103  8:40  Marauder  
  101  8:42  Orbital Command  
  101  8:44  Missile Turret  
  100  8:49  Marine x2  
  100  8:50  Marauder  
  106  8:58  Liberator  
  106  9:01  Marine x2  
  106  9:02  Marauder, Missile Turret, Marine  
  107  9:04  Missile Turret  
  103  9:16  Liberator  
  103  9:17  Marauder, Marine x2  
  101  9:32  SCV x2  
  101  9:36  Refinery  
  106  9:40  Armory  
  106  9:43  Missile Turret  
  106  9:51  Marine  
  106  9:52  Marauder x2, Marine x2  
  115  9:53  Marauder  
  115  9:58  SCV x2  
Tags
 
Add a new tag
Caveats
  • Supply blocks, unpowered buildings, or Contaminate may cause inaccurate times.
  • Supply counts are checked every 10 seconds.